 Dungeon Crawl Stone Soup version 0.30-a0-913-g9934a0ce24 (webtiles) character file.

Game seed: 13948418372706843615

265 gelatine the Chopper (level 5, 0/40 HPs)
             Began as a Demonspawn Gladiator on Mar 19, 2023.
             Slain by a bullfrog (2 damage)
             ... in a sewer.
             The game lasted 00:06:27 (1737 turns).

gelatine the Chopper (Demonspawn Gladiator)         Turns: 1737, Time: 00:06:28

Health: 0/40       AC:  5    Str: 17    XL:     5   Next: 99%
Magic:  5/5        EV: 15    Int:  9    God:
Gold:   174        SH:  5    Dex: 20    Spells: 4/4 levels left

rFire   . . .      SeeInvis .    a - +0 war axe
rCold   . . .      Faith    .    (no shield)
rNeg    . . .      Spirit   .    b - +1 leather armour
rPois   .          Reflect  +    c - +0 helmet
rElec   .          Rampage  .    (no cloak)
rCorr   +                        (no gloves)
Will    .....                    (no boots)
Stlth   +                        n - amulet of reflection
HPRegen 0.26/turn                h - ring of resist corrosion
MPRegen 0.09/turn                i - +6 ring of dexterity

@: mighty, very slow
A: hooves 1, repulsion field 1, ignite blood 1
a: no special abilities


You were in a sewer.
You visited 1 branch of the dungeon, and saw 3 of its levels.
You also visited: Sewer.

You collected 174 gold pieces.

Inventory:

Hand Weapons
 a - a +0 war axe (weapon)
 l - a +0 short sword
Missiles
 e - a javelin (quivered)
Armour
 b - a +1 leather armour (worn)
 c - a +0 helmet (worn)
Jewellery
 h - a ring of resist corrosion (left hand)
 i - a +6 ring of dexterity (right hand)
 n - an amulet of reflection (around neck)
Scrolls
 j - a scroll of noise {unknown}
 o - a scroll of blinking {unknown}
 p - a scroll of fear {unknown}


   Skills:
 + Level 2.8 Fighting
 + Level 4.6 Axes
 + Level 1.8 Throwing
 + Level 1.1 Armour
 + Level 3.4 Dodging
 + Level 1.3 Stealth
 + Level 1.0 Shields


You had 4 spell levels left.
You didn't know any spells.
Your spell library contained the following spells:

 Spells                   Type           Power      Damage    Failure   Level
 Lesser Beckoning         Tloc           0%         N/A       58%         2
 Gell's Gravitas          Tloc           0%         N/A       82%         3
 Teleport Other           Tloc           0%         N/A       82%         3


Dungeon Overview and Level Annotations

Branches:
Dungeon (3/15)              Sewer (1/1)

Altars:

Shops:
D:3 [

Annotations:
D:2 Natasha


Innate Abilities, Weirdness & Mutations

You have large cloven feet.
You are surrounded by a mild repulsion field. (EV +2)
Your demonic aura sometimes causes spilled blood to erupt in flames.


Message History

Your unstable footing causes you to fumble your attack.
The bullfrog misses you. The bullfrog hits you. x2
The bullfrog barely misses you.
You hit the bullfrog.
You kill the bullfrog!
You closely miss the bullfrog. The bullfrog hits you.
* * * LOW HITPOINT WARNING * * *
The bullfrog barely misses you.
Your Shields skill increases to level 1!
Why would you want to do that?
You barely miss the bullfrog. Your kick misses the bullfrog.
The bullfrog is moderately wounded.
The bullfrog hits you.
* * * LOW HITPOINT WARNING * * *
The bullfrog closely misses you.
You closely miss the bullfrog. Your kick misses the bullfrog.
The bullfrog is moderately wounded.
The bullfrog hits you.
* * * LOW HITPOINT WARNING * * *
You block the bullfrog's attack.
You slash the bullfrog!
The bullfrog is severely wounded.
The bullfrog misses you. The bullfrog hits you.
* * * LOW HITPOINT WARNING * * *
It was a potion of curing.
You feel better. The bullfrog closely misses you.
Your unstable footing causes you to fumble your attack.
The bullfrog barely misses you. You block the bullfrog's attack.
You hit the bullfrog.
You kick the bullfrog, but do no damage.
The bullfrog is severely wounded.
The bullfrog hits you.
* * * LOW HITPOINT WARNING * * *
The bullfrog hits you.
* * * LOW HITPOINT WARNING * * *
It was a potion of might.
You feel very mighty all of a sudden. The bullfrog closely misses you.
The bullfrog barely misses you.
Your unstable footing causes you to fumble your attack.
You block the bullfrog's attack. The bullfrog hits you.
You die...

#.# .~.≈≈≈≈≈.~≈~.# #∩#
#.# ≈≈≈~.?~≈≈≈≈~~≈÷÷#
#.# #.#
≈≈≈≈.}[?~≈≈≈~~≈~.# #∩#
#.# #≈≈≈≈≈))~~≈≈≈≈~≈~.#
#.# #.#
#≈≈≈≈≈~~.~~≈≈~≈≈~.# ###
#.# #≈≈≈≈~.~~~~≈~≈~≈~.#
#~# #≈≈~.~...~≈~≈~≈~.#
#~# #≈~∩...≈F~≈≈~≈≈~.#
#~# #≈≈~~~≈≈@≈≈≈~≈≈~.#
#.# #≈~≈≈≈~≈≈≈≈~≈≈~.#
#~# #≈≈≈≈~≈≈≈≈≈~~≈~.#
#~# ##≈≈~≈≈≈≈≈≈.~≈~.#
#~########≈≈~≈~~~~.†≈~.#
#~.~~.~≈≈≈≈≈~~~~..~~≈~.#
#~~~≈~≈≈≈≈≈~~~~~~~~≈≈~.#
#.~≈≈≈≈≈≈≈≈≈≈≈≈≈≈≈≈≈~~.#
#.~~~~~~~~~~~~~~~~~~~..#


You could see a bullfrog.

Vanquished Creatures
  A bullfrog (Sewer)
  Natasha (D:2)
  5 adders
  3 gnolls (D:2)
  2 worms (D:2)
  3 dart slugs
  2 bats (D:2)
  3 endoplasms (D:2)
  19 giant cockroaches
  12 goblins
  7 hobgoblins
  4 jackals (D:1)
  5 quokkas
  5 ball pythons
  10 frilled lizards
  4 kobolds
  5 rats (D:1)
91 creatures vanquished.

Notes
Turn   | Place    | Note
-------+----------+-------------------------------------------
     0 | D:1      | gelatine the Demonspawn Gladiator began the quest for the
                  | Orb.
     0 | D:1      | Reached XP level 1. HP: 16/16 MP: 1/1
   124 | D:1      | Reached skill level 3 in Axes
   167 | D:1      | Gained mutation: You are surrounded by a mild repulsion
                  | field. (EV +2) [demonic ancestry]
   167 | D:1      | Reached XP level 2. HP: 20/22 MP: 2/2
   639 | D:2      | Reached XP level 3. HP: 27/27 MP: 3/3
   986 | D:2      | Gained mutation: Your demonic aura sometimes causes spilled
                  | blood to erupt in flames. [demonic ancestry]
   986 | D:2      | Reached XP level 4. HP: 34/34 MP: 4/4
   990 | D:2      | Reached skill level 1 in Stealth
   999 | D:2      | Found a faded altar of an unknown god.
  1019 | D:2      | Noticed Natasha
  1029 | D:2      | Killed Natasha
  1158 | D:2      | Noticed Natasha
  1172 | D:2      | Reached skill level 4 in Axes
  1239 | D:2      | Gained mutation: You have large cloven feet. [demonic
                  | ancestry]
  1239 | D:2      | Reached XP level 5. HP: 30/39 MP: 5/5
  1342 | D:2      | Reached skill level 1 in Armour
  1417 | D:3      | Found Qogetib's Antique Armour Boutique.
  1450 | D:3      | Found a glowing drain.
  1454 | Sewer    | Entered a sewer
  1730 | Sewer    | Reached skill level 1 in Shields
  1735 | Sewer    | HP: 1/40 [bullfrog (5)]
  1737 | Sewer    | Slain by a bullfrog

Illustrated notes

Levels and vault maps discovered:
D:1:      dpeg_arrival_shelter, layout_loops_ring, kennysheep_crisscross
D:2:      layout_basic, ebering_ecumenical_altar_sacrificial, uniq_natasha,
          uniq_robin
D:3:      layout_basic, general_overflow_altar, nzn_hepliaklqana_mist_gate,
          tgw_fedhas, serial_shops, shop, shop, shop, shop,
          gup_sewer_entry_bowl, chequers_serial_rivers_large_b,
          nicolae_concentric_dashed_squares_wild
Sewer:    sewer_frog_island_01

Skill      XL: |  1  2  3  4  5 |
---------------+----------------+-----
Axes           | 3 4 |  4.6
Dodging        | 3 |  3.4
Stealth        | 1 |  1.3
Armour         | 1 |  1.1
Shields        | 1 |  1.0
Fighting       | |  2.8
Throwing       | |  1.8

Action                     |  1- 3 |  4- 6 || total
---------------------------+-------+-------++-------
  Melee: War axe           |   104 |   136 ||   240
         Kick              |       |    19 ||    19
  Throw: Throwing net      |     3 |     1 ||     4
         Javelin           |     1 |     1 ||     2
    Use: Scroll            |       |     2 ||     2
         Potion            |       |     2 ||     2
   Stab: Sleeping          |     2 |     2 ||     4
         Held in net/web   |     1 |       ||     1
 Armour: Leather armour    |    22 |    30 ||    52
  Dodge: Dodged            |    75 |   120 ||   195
  Block: Other             |     9 |    32 ||    41
         Reflection        |     1 |       ||     1

Table legend: (Time is in decaauts)
 A = Elapsed time spent in this place.
 B = Non-inter-level travel time spent in this place.
 C = Inter-level travel time spent in this place.
 D = Time resting spent in this place.
 E = Time spent auto-exploring this place.
 F = Levels seen in this place.
 G = Mean time per level.
                   A        B        C        D        E       F      G
               +--------+--------+--------+--------+--------+-----+--------+
         Total |   1865 |   1827 |     38 |      0 |   1003 |   4 |  466.2 |
       Dungeon |   1506 |   1468 |     38 |      0 |    950 |   3 |  502.0 |
         Sewer |    359 |    359 |      0 |      0 |     53 |   1 |  359.0 |
               +--------+--------+--------+--------+--------+-----+--------+

Top non-repeatable levels by time:
     D:2: 820 daAuts
     D:1: 623 daAuts
   Sewer: 359 daAuts
     D:3: 62 daAuts
